 Dungeon Crawl Stone Soup version 0.21.0-24-g2553a33 (webtiles) character file.

5389 Gorglomux the Blocker (level 10, -3/92 HPs)
             Began as a Deep Dwarf Fighter on Jan 20, 2018.
             Slain by a manticore (8 damage)
             ... on level 10 of the Dungeon.
             The game lasted 00:06:35 (7571 turns).

Gorglomux the Blocker (Deep Dwarf Fighter)          Turns: 7571, Time: 00:06:35

Health: -3/92      AC: 16    Str: 24    XL:     10   Next: 39%
Magic:  0/0        EV: 10    Int:  8    God:
Gold:   482        SH: 11    Dex: 10    Spells: 9/9 levels left

rFire    + . .     SeeInvis .   a - +0 war axe
rCold    + . .     Gourm    .   c - +0 shield
rNeg     . . .     Faith    .   l - +0 chain mail
rPois    +         Spirit   .   V - +1 helmet
rElec    .         Reflect  .   C - scarf {rC+ rF+}
rCorr    .         Harm     .   w - +0 pair of gloves
MR       ++...                  x - +0 pair of boots
Stlth    ..........             (no amulet)
HPRegen  0.00/turn              o - ring of poison resistance
MPRegen  0.07/turn              (no ring)

@: barbed spikes, non-regenerating
A: damage resistance, heal wounds, clumsy 1, magic resistance 1, sense
surroundings 2, no regeneration
a: Heal Wounds


You were on level 10 of the Dungeon.
You were not hungry.

You visited 2 branches of the dungeon, and saw 12 of its levels.

You collected 594 gold pieces.
You spent 112 gold pieces at shops.

Inventory:

Hand Weapons
 a - a +0 war axe (weapon)
Armour
 c - a +0 shield (worn)
 l - a +0 chain mail (worn)
 w - a +0 pair of gloves (worn)
 x - a +0 pair of boots (worn)
 C - a scarf of resistance (worn)
 V - a +1 helmet (worn)
Jewellery
 o - a ring of poison resistance (left hand)
Wands
 I - a wand of iceblast (7)
 P - a wand of paralysis (31)
Scrolls
 r - 5 scrolls of immolation
 t - 4 scrolls of teleportation {unknown}
 u - 3 scrolls of magic mapping {unknown}
 v - a scroll of noise {unknown}
 y - a scroll of random uselessness {unknown}
 z - 2 scrolls of blinking {unknown}
 E - 5 scrolls of remove curse {unknown}
 H - a scroll of enchant weapon {unknown}
 R - 6 scrolls of identify
 T - a scroll of enchant armour {unknown}
 X - a scroll of fog {unknown}
Potions
 g - 2 potions of cancellation
 i - 2 potions of degeneration
 j - 2 potions of ambrosia
 k - 2 potions of flight
 m - 2 potions of lignification
 q - a potion of haste {unknown}
 A - a potion of brilliance {unknown}
 B - a potion of might
 F - 2 potions of mutation {!q}
 Q - 2 potions of curing
 U - a potion of magic {unknown}
Comestibles
 f - 4 rations
 W - a chunk of flesh


   Skills:
 + Level 6.9 Fighting
 + Level 7.8 Axes
 + Level 8.3 Armour
 + Level 7.5 Dodging
 + Level 8.4 Shields


You had 9 spell levels left.
You didn't know any spells.

Dungeon Overview and Level Annotations

Branches:
Dungeon (11/15)            Temple (1/1) D:6            Lair (0/6) D:10
    Orc: D:9-12

Altars:
Ashenzari
Cheibriados
Dithmenos
Elyvilon
Fedhas
Gozag
Hepliaklqana
Kikubaaqudgha
Nemelex Xobeh
Okawaru
Qazlal
Ru
Sif Muna
Trog
Uskayaw
Vehumet
Wu Jian
Xom
Yredelemnul
Zin
The Shining One

Shops:
D:4 [(((:

Annotations:
D:6 2 runed doors
D:10 Psyche


Innate Abilities, Weirdness & Mutations

You are resistant to damage.
You can heal yourself by infusing magical energy.
You passively map the area around you.
You do not regenerate.
You are clumsy. (Dex -2)
You are resistant to hostile enchantments. (MR+)


Message History

The manticore claws you!
Unknown command!
You carve the manticore like a ham!
The manticore is severely wounded!
You block the butt's attack! The manticore barely butts you!
The manticore claws you!
The hound stops to sniff the ground!
The manticore bites you but does no damage!
You block the butt's attack!
The manticore claws you but does no damage!
You barely miss the manticore!
The manticore is severely wounded!
The manticore misses you!
The manticore claws you! * * * butt'butt die
* * * You block the manticore's attack!
Unknown command!
You open the manticore like a pillowcase!!!
The manticore is almost dead!
The manticore bites you!!! rip

#.# , , #.# , , ≈≈
≈ #.# #.# * ≈ #.#
* , , ≈ #.# * .≈
≈≈,, #.# ,.)≈ ≈ >
#.###########h..≈≈
#.........@HF{....
≈
#.######.#####....
≈ , ### #.# , ,. ≈
#.# ,, ,, #.# , ≈
, , , #.# *,, ,, ,
#.# * ** * * #.# ,
, * *,


You could see a manticore, a bullfrog and a hound.

Vanquished Creatures
  A two-headed ogre (D:9)
  An ugly thing (D:8)
  2 trolls
  Eustachio (D:4)
  2 hungry ghosts
  2 water moccasins
  Duvessa (D:4)
  2 ice beasts
  An orc warrior (D:8)
  A hornet zombie (D:7)
  4 sky beasts
  4 centaurs
  2 ogres (D:4)
  2 bullfrogs (D:7)
  Dowan (D:4)
  A water moccasin skeleton (D:10)
  3 killer bees (D:9)
  8 wights (D:6)
  6 howler monkeys
  4 crimson imps
  A bullfrog zombie (D:7)
  A centaur zombie (D:6)
  2 jellies
  4 orc wizards
  2 hounds
  5 orc priests
  Jessica (D:2)
  5 iguanas
  5 worker ants
  Robin (D:4)
  A worker ant zombie (D:7)
  11 adders
  A shadow imp (D:7)
  6 oozes
  An adder zombie (D:5)
  An adder skeleton (D:7)
  5 worms
  A dart slug (D:2)
  3 leopard geckos
  16 orcs
  4 giant cockroaches
  14 goblins
  17 hobgoblins
  12 jackals
  A quokka (D:5)
  3 ball pythons
  11 bats
  6 frilled lizards
  A goblin zombie (D:7)
  9 kobolds
  A leopard gecko zombie (D:7)
  A quokka skeleton (D:9)
  A quokka zombie (D:7)
  9 rats
212 creatures vanquished.

Notes
Turn   | Place    | Note
-------+----------+-------------------------------------------
     0 | D:1      | Gorglomux the Deep Dwarf Fighter began the quest for the Orb.
     0 | D:1      | Reached XP level 1. HP: 20/20 MP: 1/1
   149 | D:1      | Reached XP level 2. HP: 21/27 MP: 2/2
   317 | D:1      | Reached skill level 1 in Dodging
   403 | D:1      | Reached XP level 3. HP: 25/33 MP: 3/3
   736 | D:2      | Reached skill level 3 in Fighting
   941 | D:2      | Reached XP level 4. HP: 29/42 MP: 4/4
  1149 | D:2      | Reached skill level 3 in Axes
  1188 | D:2      | Noticed Jessica
  1201 | D:2      | Killed Jessica
  1875 | D:3      | Reached XP level 5. HP: 18/49 MP: 5/5
  2053 | D:3      | Found a glowing drain.
  2572 | D:4      | Found Lakhunis's Antique Armour Boutique.
  2599 | D:4      | Bought a pair of boots for 112 gold pieces
  2624 | D:4      | Found Naduawk's Antique Weapon Shoppe.
  2639 | D:4      | Reached XP level 6. HP: 37/57 MP: 6/6
  2657 | D:4      | Found Meho's Antique Weapon Shoppe.
  2659 | D:4      | Found Ufoll's Antique Weapon Shoppe.
  2664 | D:4      | Noticed Duvessa
  2664 | D:4      | Noticed Dowan
  2672 | D:4      | Gained mutation: You are clumsy. (Dex -2) [potion of mutation]
  2672 | D:4      | Gained mutation: You are resistant to hostile enchantments. (MR+) [potion of mutation]
  2685 | D:4      | Killed Duvessa
  2685 | D:4      | Killed Dowan
  2685 | D:4      | Reached skill level 3 in Dodging
  2694 | D:4      | Reached XP level 7. HP: 29/64 MP: 7/7
  2789 | D:4      | Noticed Eustachio
  2791 | D:4      | Found Zashouch's Book Boutique.
  2861 | D:4      | Killed Eustachio
  2999 | D:4      | Noticed Robin
  3017 | D:4      | Killed Robin
  3120 | D:5      | Entered Level 5 of the Dungeon
  3386 | D:5      | Reached XP level 8. HP: 60/73 MP: 6/6
  3691 | D:5      | Found a sacrificial altar of Ru.
  4235 | D:6      | Reached skill level 6 in Shields
  4290 | D:6      | Found a staircase to the Ecumenical Temple.
  4361 | Temple   | Entered the Ecumenical Temple
  4560 | D:6      | Reached skill level 6 in Armour
  4893 | D:6      | Reached skill level 6 in Axes
  5182 | D:6      | Found a runed door.
  5194 | D:6      | Found a runed door.
  5234 | D:6      | Gained mutation: You passively map the area around you. [Deep Dwarf growth]
  5234 | D:6      | Reached XP level 9. HP: 50/81 MP: 5/5
  5518 | D:7      | Found a shimmering altar of Xom.
  5533 | D:7      | Reached skill level 6 in Dodging
  5564 | D:7      | Found a basalt altar of Yredelemnul.
  5701 | D:7      | Found a hazy altar of Hepliaklqana.
  5717 | D:7      | Found a bloodstained altar of Trog.
  5951 | D:7      | Found a white marble altar of Elyvilon.
  6006 | D:7      | Reached skill level 6 in Fighting
  6870 | D:8      | Noticed a troll
  6881 | D:8      | Killed a troll
  6940 | D:8      | Noticed a red ugly thing
  6957 | D:8      | Killed a red ugly thing
  7070 | D:9      | Reached XP level 10. HP: 52/92 MP: 4/4
  7504 | D:9      | Noticed a two-headed ogre
  7524 | D:9      | Killed a two-headed ogre
  7533 | D:9      | You fall through a shaft for 2 floors!
  7539 | D:10     | Entered Level 10 of the Dungeon
  7557 | D:10     | Noticed a manticore
  7562 | D:10     | Noticed Psyche
  7571 | D:10     | Slain by a manticore

Skill      XL: |  1  2  3  4  5  6  7  8  9 10 |
---------------+-------------------------------+-----
Dodging        | 1 2 3 4 5 6 7 |  7.5
Fighting       | 3 4 5 6 |  6.9
Axes           | 3 4 6 7 |  7.8
Armour         | 4 5 6 7 8 |  8.3
Shields        | 4 5 6 7 8 |  8.4

Action                   |  1- 3 |  4- 6 |  7- 9 | 10-12 || total
-------------------------+-------+-------+-------+-------++-------
Melee: War axe           |   119 |   253 |   541 |   128 ||  1041
 Abil: Heal Wounds       |       |     2 |    18 |     4 ||    24
Evoke: Wand              |       |       |     3 |     1 ||     4
  Use: Scroll            |       |     1 |     3 |       ||     4
       Potion            |       |     4 |       |     2 ||     6
  Eat: Chunk             |       |     7 |    18 |     1 ||    26
       Ration            |       |       |       |     3 ||     3
Armor: Scale mail        |     6 |       |       |       ||     6
       Chain mail        |    53 |   118 |   284 |    63 ||   518
Dodge: Dodged            |    26 |    66 |   173 |    52 ||   317
Block: Shield            |    81 |   150 |   353 |    64 ||   648
